 Dungeon Crawl Stone Soup version 0.24.0-35-gdb84b6a5db (console) character file.

Game seed: 5877112139103072767, levelgen mode: deterministic

34730 AlterAsc the Arsonist (level 13, 0/108 HPs)
             Began as a Purple Draconian Fire Elementalist on Nov 17, 2019.
             Was an Elder of Vehumet.
             Slain by a black mamba (15 damage)
             ... on level 5 of the Lair of Beasts.
             The game lasted 01:13:43 (19145 turns).

AlterAsc the Arsonist (DrFE)                       Turns: 19145, Time: 01:13:44

Health: 0/108      AC: 10    Str: 10    XL:     13   Next: 43%
Magic:  22/29      EV: 12    Int: 21    God:    Vehumet [****..]
Gold:   994        SH:  0    Dex: 12    Spells: 23/37 levels left

rFire    + . .     SeeInvis .   W - staff of wizardry
rCold    x . .     Gourm    .   (no shield)
rNeg     . . .     Faith    .   (armour unavailable)
rPois    .         Spirit   .   (helmet restricted)
rElec    .         Reflect  .   a - +0 cloak
rCorr    .         Harm     +   (no gloves)
MR       +....                  K - +0 pair of boots
Stlth    +++.......             k - amulet of harm
HPRegen  0.28/turn              m - ring of stealth
MPRegen  0.21/turn              J - ring of fire

@: lethally poisoned (0 -> -11)
A: breathe power, unfitting armour, cold-blooded, AC +8
a: Breathe Dispelling Energy, Renounce Religion


You were on level 5 of the Lair of Beasts.
You worshipped Vehumet.
Vehumet was greatly pleased with you.
You were not hungry.

You visited 3 branches of the dungeon, and saw 17 of its levels.

You collected 994 gold pieces.

Inventory:

Hand Weapons
 d - a +0 short sword
 f - a +0 spear
 w - a +0 shortbow
 z - a +4 falchion
 D - a +1 dagger of speed
 S - the +1 dagger of the Asp {venom, *Rage rF- Str+7 SInv}
   (You found it on level 2 of the Lair of Beasts)

   It poisons the flesh of those it strikes.
   It affects your strength (+7).
   It makes you vulnerable to fire.
   It lets you see invisible.
   It may make you go berserk in combat.
Missiles
 x - 245 arrows
 y - 16 javelins (quivered)
Armour
 a - a +0 cloak (worn)
 K - a +0 pair of boots (worn)
Magical Staves
 W - an uncursed staff of wizardry (weapon)
Jewellery
 i - an uncursed ring of teleportation
 k - an amulet of harm (around neck)
 m - a ring of stealth (left hand)
 H - a cursed amulet of inaccuracy {unknown}
 J - a ring of fire (right hand)
 Q - an uncursed ring of ice
 T - a +4 ring of strength
Wands
 c - a wand of clouds (11)
 p - a wand of digging (6)
 N - a wand of acid (18)
 U - a wand of flame (15)
 V - a wand of iceblast (10)
Scrolls
 e - 4 scrolls of enchant armour
 g - 5 scrolls of remove curse
 h - 3 scrolls of fog
 j - 3 scrolls of enchant weapon
 l - 5 scrolls of amnesia
 o - 3 scrolls of immolation
 u - 2 scrolls of magic mapping {unknown}
 B - 2 scrolls of silence {unknown}
 F - a scroll of blinking
 G - a scroll of fear {unknown}
 I - a scroll of random uselessness {unknown}
 P - 2 scrolls of teleportation {unknown}
Potions
 n - 2 potions of degeneration
 q - 2 potions of mutation
 r - 5 potions of curing
 s - 3 potions of flight
 t - 2 potions of invisibility {unknown}
 v - 5 potions of heal wounds
 A - a potion of brilliance {unknown}
 E - a potion of ambrosia {unknown}
 L - 3 potions of agility {unknown}
 M - a potion of cancellation {unknown}
 O - 2 potions of haste {unknown}
 R - a potion of might {unknown}
Miscellaneous
 C - a phantom mirror
Comestibles
 b - 38 rations


   Skills:
 + Level 8.7 Fighting
 - Level 2.0 Dodging
 - Level 2.0 Stealth
 + Level 12.8 Spellcasting
 + Level 11.7 Conjurations
 * Level 14.1 Fire Magic


You had 23 spell levels left.
You knew the following spells:

 Your Spells              Type           Power        Failure   Level  Hunger
a - Flame Tongue          Conj/Fire      #####        0%          1    None
b - Conjure Flame         Conj/Fire      #######.     1%          3    None
c - Sticky Flame          Conj/Fire      #######.     1%          4    None
d - Fireball              Conj/Fire      #######...   1%          5    ####...
e - Magic Dart            Conj           ####         1%          1    None

Your spell library contained the following spells:

 Spells                   Type           Power        Failure   Level  Hunger
 Bolt of Cold             Conj/Ice       #####.....   8%          6    #####..
 Animate Skeleton         Necr           N/A          1%          1    None
 Apportation              Tloc           ##....       1%          1    None
 Beastly Appendage        Tmut           ##....       1%          1    None
 Confusing Touch          Hex            ##....       1%          1    None
 Pain                     Necr           ##..         1%          1    None
 Summon Small Mammal      Summ           ##..         1%          1    None
 Searing Ray              Conj           ######       1%          2    None
 Throw Flame              Conj/Fire      ######       1%          2    None
 Dazzling Spray           Conj/Hex       #####.       1%          3    None
 Inner Flame              Hex/Fire       ######..     1%          3    None
 Force Lance              Conj/Tloc      #####...     1%          4    None
 Fulminant Prism          Conj/Hex       #####.....   1%          4    None
 Iskenderun's Mystic Bla  Conj           ######..     1%          4    None
 Call Imp                 Summ           ##......     3%          2    None
 Sticks to Snakes         Tmut           ##......     3%          2    None
 Call Canine Familiar     Summ           ##......     6%          3    None
 Confuse                  Hex            ##......     6%          3    None
 Gell's Gravitas          Tloc           ##........   6%          3    None
 Regeneration             Chrm/Necr      ##........   6%          3    None
 Spider Form              Tmut/Pois      ##........   6%          3    None
 Summon Guardian Golem    Hex/Summ       ##......     6%          3    None
 Vampiric Draining        Necr           ##........   6%          3    None
 Yara's Violent Unravell  Hex/Tmut       ##........   14%         5    ####...
 Animate Dead             Necr           N/A          19%         4    None
 Ice Form                 Ice/Tmut       ##......     19%         4    None
 Petrify                  Tmut/Erth      ##......     19%         4    None
 Summon Ice Beast         Ice/Summ       ##......     19%         4    None
 Summon Lightning Spire   Summ/Air       ##......     19%         4    None
 Blade Hands              Tmut           ##........   45%         5    ####...
 Metabolic Englaciation   Hex/Ice        ##........   45%         5    ####...


Dungeon Overview and Level Annotations

Branches:
Dungeon (10/15)            Temple (1/1) D:7            Lair (6/6) D:10
  Swamp (0/4) Lair:2        Snake (0/4) Lair:2        Slime (0/5) Lair:5
    Orc (0/2) D:10

Altars:
Ashenzari
Cheibriados
Dithmenos
Elyvilon
Fedhas
Gozag
Hepliaklqana
Kikubaaqudgha
Makhleb
Nemelex Xobeh
Okawaru
Qazlal
Ru
Sif Muna
Trog
Uskayaw
Vehumet
Wu Jian
Xom
Yredelemnul
Zin
The Shining One

Shops:
D:6 (

Annotations:
Lair:4 3 runed translucent doors, Bananafolds's ghost, journeyman MfSk


Innate Abilities, Weirdness & Mutations

You can breathe bolts of dispelling energy.
Your rich purple scales are hard. (AC +8)
You cannot fit into any form of body armour.
You are cold-blooded and may be slowed by cold attacks.


Message History

Casting: Sticky Flame (safe; 1% risk of failure)
Confirm with . or Enter, or press ? or * to list all spells.
Aiming: Sticky Flame (safe; 1% risk of failure)
Press: ? - help, Shift-Dir - straight line, f - black mamba
Aim: a black mamba You feel a surge of power!
The sticky flame hits the black mamba!
The black mamba is moderately wounded.
The black mamba is covered in liquid flames!
The dream sheep bleats!
The black mamba burns!
The black mamba bites you! x2
The black mamba burns!
The black mamba bites you.
You climb upwards.
There is a stone staircase leading down here.
The black mamba burns!
The black mamba bites you!
You are poisoned.
The black mamba poisons you!
You feel sick.
The black mamba burns!
The black mamba bites you!!
* * * LOW HITPOINT WARNING * * *
You feel sick.
The black mamba burns!
The black mamba bites you!
You die...

#.......... #####
#......P... #...#
##.P....... ##...##
#P...P....
#.....#####.......#
##.......# ##.......
##.....>..#####......
#.#......###.#..##..#
##.#@S.#..#.###.##...
###....#...P.####...
#....##......##...
#...#.#.........P.
#.................
#....PP.#.........
##...P..#.###......
#.....#..#..#......
##..................


You could see a black mamba (burning).

Vanquished Creatures
  Fannar (Lair:1)
  2 hydras
  An anaconda (Lair:4)
  7 two-headed ogres
  A deep elf mage (D:6)
  2 ugly things
  A manticore (D:8)
  A cyclops (D:9)
  4 black mambas
  6 elephants
  2 gargoyles
  7 spiny frogs
  2 centaur skeletons (D:10)
  A rime drake (Lair:3)
  5 komodo dragons
  2 polar bears
  2 trolls
  A hornet (D:8)
  13 blink frogs
  3 dream sheep
  6 hippogriffs
  3 wyverns
  26 yaks
  2 wraiths (D:10)
  3 hungry ghosts
  A vampire (D:8)
  A human (D:8)
  A basilisk (Lair:1)
  A two-headed ogre zombie (D:10)
  3 nagas (Lair:2)
  16 water moccasins
  Duvessa (D:7)
  5 porcupines
  4 ice beasts
  5 orc warriors
  A phantom (D:10)
  3 ogres
  4 centaurs
  6 crocodiles
  12 bullfrogs
  Blork the orc (D:5)
  Dowan (D:7)
  A wyvern zombie (D:9)
  A wyvern skeleton (D:10)
  3 scorpions
  A troll zombie (D:10)
  3 wights (D:6)
  3 howler monkeys
  5 crimson imps
  2 bullfrog zombies
  A centaur zombie (D:8)
  5 jellies
  3 orc priests
  A bullfrog skeleton (D:8)
  6 hounds
  Crazy Yiuf (D:7)
  7 orc wizards
  Jessica (D:2)
  An iguana (D:4)
  7 worker ants
  6 ogre zombies (D:10)
  A hound zombie (D:9)
  2 worker ant zombies
  13 adders
  12 gnolls
  3 shadow imps
  4 oozes
  2 adder skeletons
  2 worms (D:2)
  7 dart slugs
  4 leopard geckos
  33 orcs
  4 ball pythons (D:3)
  8 giant cockroaches
  7 goblins
  8 hobgoblins
  16 jackals
  8 quokkas
  5 bats
  9 frilled lizards
  7 goblin zombies (D:10)
  3 hobgoblin skeletons (D:10)
  3 hobgoblin zombies (D:10)
  10 kobolds
  3 orc skeletons (D:10)
  9 orc zombies (D:10)
  2 quokka skeletons
  8 rats
  2 plants
423 creatures vanquished.

Vanquished Creatures (others)
  2 bushes (Lair:6)
  2 butterflies (Lair:5)
  3 fungi
  3 plants
10 creatures vanquished.

Grand Total: 433 creatures vanquished

Notes
Turn   | Place    | Note
-------+----------+-------------------------------------------
     0 | D:1      | AlterAsc the Draconian Fire Elementalist began the quest
                  | for the Orb.
     0 | D:1      | Reached XP level 1. HP: 14/14 MP: 3/3
   213 | D:1      | Reached XP level 2. HP: 20/20 MP: 0/5
   695 | D:1      | Reached XP level 3. HP: 26/26 MP: 2/6
  1123 | D:2      | Reached XP level 4. HP: 33/33 MP: 3/8
  1129 | D:2      | Learned a level 3 spell: Conjure Flame
  1134 | D:2      | Learned a level 4 spell: Sticky Flame
  1174 | D:2      | Noticed Jessica
  1725 | D:2      | Killed Jessica
  1995 | D:1      | Reached skill level 4 in Fire Magic
  2058 | D:2      | Reached XP level 5. HP: 19/38 MP: 6/9
  2589 | D:3      | Found a blossoming altar of Fedhas.
  3291 | D:4      | Found a sparkling altar of Nemelex Xobeh.
  3292 | D:4      | Found a basalt altar of Yredelemnul.
  3293 | D:4      | Found an opulent altar of Gozag.
  3297 | D:4      | Found a blossoming altar of Fedhas.
  3298 | D:4      | Found a sacrificial altar of Ru.
  3298 | D:4      | Found a glowing silver altar of Zin.
  3433 | D:4      | Reached XP level 6. HP: 39/45 MP: 9/11
  4097 | D:4      | Reached skill level 5 in Fire Magic
  4681 | D:5      | Entered Level 5 of the Dungeon
  4685 | D:5      | Noticed Blork the orc
  4706 | D:5      | Killed Blork the orc
  4706 | D:5      | Your scales start taking on a rich purple colour.
  4706 | D:5      | Reached skill level 5 in Spellcasting
  4706 | D:5      | Reached XP level 7. HP: 50/50 MP: 10/14
  5481 | D:6      | Found Qonaergh's Antique Weapon Shoppe.
  5635 | D:6      | Reached skill level 5 in Conjurations
  6005 | D:6      | Reached skill level 6 in Fire Magic
  6005 | D:6      | Reached XP level 8. HP: 50/57 MP: 14/17
  6291 | D:6      | Learned a level 5 spell: Fireball
  6494 | D:6      | Noticed a deep elf mage
  6562 | D:6      | Killed a deep elf mage
  6562 | D:6      | Reached skill level 7 in Fire Magic
  6737 | D:7      | Noticed Dowan
  6976 | D:7      | Found a runed translucent door.
  6977 | D:7      | Noticed Crazy Yiuf
  6990 | D:7      | Killed Crazy Yiuf
  7288 | D:7      | Noticed Duvessa
  7309 | D:7      | Found a staircase to the Ecumenical Temple.
  7316 | Temple   | Entered the Ecumenical Temple
  7368 | Temple   | Became a worshipper of Vehumet
  7397 | D:7      | Killed Duvessa
  7414 | D:7      | Killed Dowan
  7414 | D:7      | Reached XP level 9. HP: 46/62 MP: 3/20
  8317 | D:8      | Noticed a manticore
  8328 | D:8      | Killed a manticore
  8328 | D:8      | Reached skill level 8 in Fire Magic
  8849 | D:8      | Reached * piety under Vehumet
  8849 | D:8      | Offered knowledge of Freeze by Vehumet.
  9053 | D:8      | Noticed a two-headed ogre
  9087 | D:8      | Killed a two-headed ogre
  9087 | D:8      | Reached XP level 10. HP: 49/69 MP: 11/23
  9498 | D:8      | Reached skill level 9 in Fire Magic
  9532 | D:8      | Noticed a gargoyle
  9882 | D:8      | Killed a gargoyle
 10023 | D:8      | Reached skill level 10 in Spellcasting
 10060 | D:8      | Noticed a brown ugly thing
 10062 | D:8      | Noticed a two-headed ogre
 10069 | D:8      | HP: 1/70 [acid (6)]
 10078 | D:8      | Killed a brown ugly thing
 10078 | D:8      | Reached skill level 1 in Fighting
 10556 | D:8      | Killed a two-headed ogre
 10556 | D:8      | Reached skill level 10 in Fire Magic
 10652 | D:9      | Noticed a gargoyle
 10652 | D:9      | Noticed a two-headed ogre
 10654 | D:9      | Noticed a cyclops
 10655 | D:9      | Noticed a two-headed ogre
 10658 | D:9      | Noticed a two-headed ogre
 10660 | D:9      | Killed a gargoyle
 10670 | D:9      | Killed a two-headed ogre
 10751 | D:9      | Reached XP level 11. HP: 54/82 MP: 12/25
 10850 | D:9      | Offered knowledge of Sting by Vehumet.
 10859 | D:9      | Reached ** piety under Vehumet
 10883 | D:9      | Killed a two-headed ogre
 11404 | D:9      | Killed a two-headed ogre
 11523 | D:9      | Offered knowledge of Ignite Poison by Vehumet.
 11523 | D:9      | Reached skill level 11 in Fire Magic
 11744 | D:9      | Learned a level 1 spell: Magic Dart
 12017 | D:9      | Found a sparkling altar of Nemelex Xobeh.
 12089 | D:10     | Entered Level 10 of the Dungeon
 12190 | D:10     | Reached skill level 10 in Conjurations
 12231 | D:10     | Noticed a two-headed ogre
 12319 | D:10     | Killed a two-headed ogre
 12396 | D:10     | Reached skill level 5 in Fighting
 12456 | D:10     | Noticed a two-headed ogre
 12461 | D:10     | Killed a two-headed ogre
 12462 | D:10     | Reached *** piety under Vehumet
 12652 | D:10     | Noticed a cyan ugly thing
 12661 | D:10     | Killed a cyan ugly thing
 12711 | D:10     | Offered knowledge of Static Discharge by Vehumet.
 12750 | D:10     | Reached **** piety under Vehumet
 12879 | D:10     | Found a staircase to the Orcish Mines.
 13002 | D:10     | Found a staircase to the Lair.
 13042 | D:10     | Offered knowledge of Lee's Rapid Deconstruction by Vehumet.
 13190 | Lair:1   | Entered Level 1 of the Lair of Beasts
 13430 | Lair:1   | Reached skill level 12 in Fire Magic
 13434 | Lair:1   | Reached XP level 12. HP: 95/95 MP: 15/27
 13447 | Lair:1   | Noticed Fannar
 13553 | Lair:1   | Killed Fannar
 14313 | Lair:2   | Found a staircase to the Snake Pit.
 14425 | Lair:2   | Found a staircase to the Swamp.
 14620 | Lair:2   | Reached ***** piety under Vehumet
 14631 | Lair:2   | Offered knowledge of Bolt of Cold by Vehumet.
 14826 | Lair:2   | Got a fine dagger
 14827 | Lair:2   | Identified the cursed +1 dagger of the Asp {venom, *Rage
                  | rF- Str+7 SInv} (You found it on level 2 of the Lair of
                  | Beasts)
 15565 | Lair:3   | Reached skill level 13 in Fire Magic
 16056 | Lair:4   | Found a runed translucent gate.
 16056 | Lair:4   | Found a runed translucent gate.
 16056 | Lair:4   | Found a runed translucent gate.
 16061 | Lair:4   | Noticed Bananafolds's ghost (journeyman MfSk)
 16577 | Lair:4   | Noticed an anaconda
 16590 | Lair:4   | Killed an anaconda
 16590 | Lair:4   | Reached XP level 13. HP: 30/107 MP: 10/29
 17618 | Lair:5   | Found a staircase to the Slime Pits.
 18243 | Lair:6   | Entered Level 6 of the Lair of Beasts
 18367 | Lair:6   | Reached skill level 14 in Fire Magic
 19145 | Lair:5   | Slain by a black mamba

Levels and vault maps discovered:
D:1:      dpeg_arrival_triangle_fractal, layout_loops_ring
D:2:      layout_basic, uniq_jessica
D:3:      layout_basic, first_ration, interstate_on_off, fedhas_altar_fruit_tree
D:4:      layout_layer_cave, grunt_temple_overflow_open,
          kennysheep_generic_room_14
D:5:      layout_loops_ring, grunt_ministairs_1, uniq_blork_the_orc
D:6:      cheibrodos_quashed, layout_loops_corners, serial_shops, shop,
          guppyfry_early_elven_hall
D:7:      layout_loops_corners, minmay_temple_entry_tees, uniq_duvessa,
          uniq_crazy_yiuf_cottage
D:8:      hangedman_cross_veins, layout_loops_ring, grunt_pizzeria
D:9:      layout_loops_cross, minmay_ruined_shrine
D:10:     layout_rooms, david_lair_shrubbed, zombieorc2_lemuel
Temple:   nicolae_temple_x_marks_the_god
Lair:1:   layout_big_grid, uniq_fannar
Lair:2:   layout_gridlike, swamp_mist_pool, guppyfry_snake_entry_island
Lair:3:   layout_chaotic_city, grunt_megastairs_4, lemuel_fruit_fields
Lair:4:   beast_lair_carwin_large_3, layout_hall_layers,
          ebering_ghost_rock_garden, lemuel_fruit_tree
Lair:5:   layout_gridlike, nicolae_slime_entry_slimehenge, serial_rivers,
          chequers_serial_rivers_micro_b, chequers_serial_rivers_room_b,
          chequers_serial_rivers_small_3, chequers_serial_rivers_large_b,
          chequers_serial_rivers_micro_d, chequers_serial_rivers_micro_b,
          chequers_serial_rivers_room_b, chequers_serial_rivers_marsh,
          grunt_forest_small_clearings, lemuel_fruit_fields
Lair:6:   grunt_lair_end_beastmaster, layout_misc_corridors, grunt_megastairs_2,
          minmay_lair_oklob_chamber

Skill      XL: |  1  2  3  4  5  6  7  8  9 10 11 12 13 |
---------------+----------------------------------------+-----
Stealth        | 2 |  2.0
Dodging        | 2 |  2.0
Conjurations   | 2 3 4 5 6 8 9 10 11 | 11.7
Spellcasting   | 3 5 6 7 9 10 11 12 | 12.8
Fire Magic     | 4 5 6 7 8 10 12 13 14 | 14.1
Fighting       | 3 5 7 8 |  8.7

Action                   |  1- 3 |  4- 6 |  7- 9 | 10-12 | 13-15 || total
-------------------------+-------+-------+-------+-------+-------++-------
Melee: Unarmed           |    37 |       |       |       |       ||    37
       Tailslap          |     2 |     3 |    14 |     3 |       ||    22
       Spear             |       |    32 |   236 |    48 |       ||   316
       Dagger            |       |       |       |       |     2 ||     2
Throw: Javelin           |       |       |    35 |       |       ||    35
 Cast: Flame Tongue      |    63 |   177 |   127 |   181 |     8 ||   556
       Conjure Flame     |       |       |     3 |     2 |       ||     5
       Sticky Flame      |       |       |    18 |    94 |    25 ||   137
       Fireball          |       |       |       |    56 |    26 ||    82
       Magic Dart        |       |       |       |     9 |       ||     9
  Use: Scroll            |       |     6 |       |     9 |     1 ||    16
       Potion            |       |       |     1 |     2 |       ||     3
 Stab: Sleeping          |     1 |     1 |     1 |     2 |       ||     5
  Eat: Chunk             |     1 |    11 |    10 |    29 |     8 ||    59
       Ration            |       |       |     2 |     2 |     1 ||     5
Armor: Skin              |    11 |    36 |   115 |    66 |    18 ||   246
Dodge: Dodged            |    37 |    88 |   149 |   131 |    40 ||   445
